cohdb
Replays
Latest Replays
All Replays
Popular Replays
Top Player Replays
Match Explorer
How It Works
Community
CoH3 Stats
Reddit
Sign in to upload your games and track your stats! →
Sign in with Steam
Match 47047133
Unlisted
Match 47047133
Overview
Messages
Build Orders
End
Construct Infanterie Kompanie
Grenadier Squad
Grenadier Squad
Grenadier Squad
Pioneer Squad
MG 42 Machine Gun Team
Construct Luftwaffe Kompanie
Medical Station
Selects 2.5-tonne Cargo Truck
Selects Assault Grenadiers
Selects Breakthrough
Jäger Squad
Flak 30 Anti-aircraft Gun Team
221 Scout Car
Jäger Squad
Selects Incendiary Bombing Run
Jäger Squad
Selects Blitzkrieg
Pioneer Squad
Pioneer Squad
Pioneer Squad
Pioneer Squad
Pioneer Squad
Pioneer Squad
Pioneer Squad
Pioneer Squad
Pioneer Squad
Pioneer Squad
Pioneer Squad
Pioneer Squad
Pioneer Squad
Pioneer Squad
Pioneer Squad
Selects Breakthrough Battlegroup
Selects Breakthrough Battlegroup
CPU - 困难
CPU - 困难
CPU - 困难
XuZhongwei
Fritzkrieg
LamaLampa
0
0
Comments
sign in to comment!
No comments posted yet!